 Dungeon Crawl Stone Soup version 0.15.0-27-gbdb0435 (console) character file.

310 gw the Ruffian (level 6, -1/61 HPs)
             Began as a Troll Monk on Sept 10, 2014.
             Killed from afar by an orc wizard (5 damage)
             ... with a magic dart
             ... on Level 3 of the Dungeon.
             The game lasted 00:01:42 (2397 turns).

gw the Ruffian (Troll Monk)                         Turns: 2397, Time: 00:01:42

HP  -1/61        AC  8     Str 20      XL: 6   Next: 17%
MP   3/3         EV 11     Int  6      God:
Gold 0           SH  0     Dex 14      Spells:  0 memorised,  5 levels left

rFire  . . .     SeeInvis .       - Unarmed
rCold  . . .     Clarity  .     a - +0 robe
rNeg   . . .     rCorr    .     (shield restricted)
rPois  .         rRot     .     (helmet restricted)
rElec  .         Spirit   .     l - +2 cloak
SustAb .         Warding  .     (gloves unavailable)
rMut   .         Stasis   .     (boots unavailable)
Gourm  +                        (no amulet)
MR     .....                    (no ring)
                                (no ring)

@: confused, slowed, very slow, not resistant to hostile enchantments, very
unstealthy
A: unfitting armour, claws 3, fast metabolism 3, gourmand, regeneration 2,
saprovore 2, shaggy fur 1, tough skin 2, wild magic 1
a: no special abilities


You were on level 3 of the Dungeon.
You were completely stuffed.

You visited 1 branch of the dungeon, and saw 3 of its levels.

Inventory:

Missiles
 i - a tomahawk (quivered)
 j - 58 stones
Armour
 a - a +0 robe (worn)
 l - a +2 cloak (worn)
Comestibles
 b - 4 meat rations
 c - 2 slices of pizza
Scrolls
 d - a scroll of remove curse
 e - 3 scrolls of identify
 f - a scroll of fear {unknown}
Potions
 g - 2 potions of resistance {unknown}
 h - a potion of decay {unknown}


   Skills:
 + Level 3.3 Fighting
 + Level 1.9 Throwing
 + Level 3.3 Dodging
 - Level 1.1 Stealth
 * Level 5.8 Unarmed Combat


You had 5 spell levels left.
You didn't know any spells.

Dungeon Overview and Level Annotations

Branches:
Dungeon (3/15)

Altars:
Yredelemnul
Zin


Innate Abilities, Weirdness & Mutations

You are too large for most types of armour.
You have claws for hands.
Your metabolism is lightning-fast.
You like to eat raw meat.
You heal very quickly.
You can eat rotten meat.
You are covered in fur (AC +1).
You have very tough skin (AC +2).
Your spells are a little harder to cast, but a little more powerful.


Message History

The orc wizard hits you but does no damage.
Something hits you but does no damage.
The orc wizard points at you and mumbles some strange words.
You feel as though you will be slow longer.
Something hits you but does no damage. x2
The orc wizard closely misses you.
ATTACK MOVE TO (-1,0)
You claw the orc wizard!
You kill the orc wizard!
Something hits you but does no damage. x2
Something completely misses you.
ATTACK MOVE TO (-1,-1)
The puff of flame hits you!
You hear some strange, mumbled words.
You are confused.
ATTACK MOVE TO (1,1)
Something hits you. x2
ATTACK MOVE TO (0,-1)
The magic dart hits you!
You die...

7..........###
7_......#..<.#
#7......##.##.###
#.7.....##.##....
#####7........#####.
#...#.....#...# #.
##...##...##%#..# #.
###...########.##..###.
#....(T........# #...##
#.#.............##
###...
#......)%.%......# ####
..#.....)........# #
........$........# #
.............(.$.# #####
(....(......!...# #...##
.....%............#...))
.##..........#####...#.


There were no monsters in sight!

Table legend:
 A = Turns spent in this place as a percentage of turns spent in the entire game.
 B = Non-inter-level travel turns spent in this place as a percentage of non-inter-level travel turns spent in the entire game.
 C = Inter-level travel turns spent in this place as a percentage of turns spent in this place.
 D = Turns resting spent in this place as a percentage of non-inter-level travel turns spent in this place.
 E = Turns spent auto-exploring this place as a percentage of non-inter-level travel turns spent in this place.
 F = Non-inter-level travel turns spent in this place divided by the number of levels of this place that you've seen.
                   A       B       C       D       E      F
               +-------+-------+-------+-------+-------+----------------------
         Total | 100.0 | 100.0 |   3.8 |   1.3 |   9.8 | 308.0
       Dungeon | 100.0 | 100.0 |   3.8 |   1.3 |   9.8 | 308.0
               +-------+-------+-------+-------+-------+----------------------

Table legend:
 A = Kills in this place as a percentage of kills in entire the game.
 B = Kills by you in this place as a percentage of kills by you in the entire game.
 C = Kills by friends in this place as a percentage of kills by friends in the entire game.
 D = Other kills in this place as a percentage of other kills in the entire game.
 E = Experience gained in this place as a percentage of experience gained in the entire game.
 F = Experience gained in this place divided by the number of levels of this place that you have seen.
                   A       B       C       D       E      F
               +-------+-------+-------+-------+-------+----------------------
         Total | 100.0 | 100.0 |  -nan |  -nan | 100.0 | 147.7
       Dungeon | 100.0 | 100.0 |  -nan |  -nan | 100.0 | 147.7
               +-------+-------+-------+-------+-------+----------------------

Vanquished Creatures
  An ogre (D:3)
  A scorpion (D:3)
  A hound (D:3)
  An orc wizard (D:3)
  6 adders
  2 worms (D:3)
  2 orcs (D:3)
  5 giant cockroaches
  8 hobgoblins
  2 jackals (D:3)
  A ball python (D:2)
  5 bats
  3 giant newts
  11 goblins
  4 kobolds
  3 quokkas
  4 rats
60 creatures vanquished.

Notes
Turn   | Place    | Note
--------------------------------------------------------------
     0 | D:1      | gw, the Troll Monk, began the quest for the Orb.
     0 | D:1      | Reached XP level 1. HP: 22/22 MP: 1/1
   244 | D:1      | Reached XP level 2. HP: 29/29 MP: 1/1
   873 | D:1      | Gained mutation: Your spells are a little harder to cast, but a little more powerful. [potion of beneficial mutation]
  1053 | D:2      | Reached XP level 3. HP: 27/36 MP: 2/2
  1649 | D:2      | Reached XP level 4. HP: 44/44 MP: 2/2
  1781 | D:3      | Reached skill level 5 in Unarmed Combat
  1861 | D:3      | Reached skill level 1 in Throwing
  2054 | D:3      | Found a basalt altar of Yredelemnul.
  2121 | D:3      | Noticed an ogre
  2124 | D:3      | Reached XP level 5. HP: 50/52 MP: 2/2
  2133 | D:3      | Killed an ogre
  2283 | D:3      | Found a glowing silver altar of Zin.
  2315 | D:3      | Reached XP level 6. HP: 47/61 MP: 3/3
  2396 | D:3      | HP: 3/61 [something (5)]
  2397 | D:3      | Killed from afar by an orc wizard

Action                   |  1- 3 |  4- 6 || total
-------------------------+-------+-------++-------
Melee: Unarmed           |    58 |    94 ||   152
Throw: Tomahawk          |    41 |    13 ||    54
       Stone             |     7 |    17 ||    24
  Use: Scroll            |     4 |       ||     4
       Potion            |     2 |       ||     2
  Eat: Chunk             |    12 |    15 ||    27

Vault maps used:
D:1:      onia_arrival_mini_maze_b, minmay_statues_item
D:3:      zin_academy, yredelemnul_altar_generic, minmay_ogre_servants
